[Event "Late-Titled-Tuesday-Blitz-March-12-2024"]
[Site "Chess.com"]
[Date "2024.03.12"]
[Round "9"]
[White "Shahdad2007"]
[Black "Kildepiotr"]
[Result "1-0"]
[WhiteElo "2593"]
[BlackElo "2682"]
[TimeControl "180+1"]
[EndTime "15:43:19 PDT"]
[Termination "Shahdad2007 won by resignation"]

1. Nf3 g6 2. g3 Bg7 3. Bg2 d5 4. O-O Nf6 5. d4 O-O 6. c4 c6 7. a4 dxc4 8. Na3 Na6 9. Nxc4 Nb4 10. Nfe5 Bf5 11. Ne3 Be6 12. a5 a6 13. N3c4 Bd5 14. f3 Nd7 15. e4 Nxe5 16. Nxe5 Bxe5 17. dxe5 Bc4 18. Re1 Nd3 19. Re3 Nxe5 20. Bd2 Qd4 21. Qc1 Nd3 22. Qc3 e5 23. Bf1 Rfd8 24. Qxd4 Rxd4 25.
Bc3 Rd7 26. Bxd3 Bxd3 27. Bxe5 Bb5 28. Bc3 Rad8 29. Ree1 Kf8 30. Kf2 Rd3 31. f4 Ke7 32. e5 Ke6 33. g4 c5 34. Re3 Rxe3 35. Kxe3 Rd3+ 36. Ke4 Rh3 37. f5+ gxf5+ 38. gxf5+ Ke7 39. Rd1 Bc6+ 40. Kf4 Rxh2 41. f6+ Ke8 42. e6 fxe6 43. Ke5 Re2+ 44. Kd6 Kf7 45. Rg1 Rg2 46. Rh1 Be4 47. Rd1 h5 48. Kxc5 Bc6 49. Rd8 h4 50. Rh8 Rg4 51. Rh7+ Kg6 52. Rg7+ Kh5 53. Rxg4 Kxg4 54. f7 h3 55. Be5 Kf5 56. Bh2 1-0

[Event "Late-Titled-Tuesday-Blitz-March-12-2024"]
[Site "Chess.com"]
[Date "2024.03.12"]
[Round "9"]
[White "noblerone"]
[Black "MaiqMaster"]
[Result "1-0"]
[WhiteElo "2574"]
[BlackElo "2419"]
[TimeControl "180+1"]
[EndTime "15:43:20 PDT"]
[Termination "noblerone won on time"]

1. d4 d5 2. Nf3 Nf6 3. Bg5 Ne4 4. Bf4 c5 5. e3 Nc6 6. c3 g6 7. Nbd2 Nxd2 8. Qxd2 Bg7 9. dxc5 e5 10. Bg5 f6 11.
Bh4 a5 12. Bb5 O-O 13. Bxc6 bxc6 14. Nxe5 g5 15. Nxc6 Qd7 16. Qxd5+ Qxd5 17. Ne7+ Kh8 18. Nxd5 gxh4 19. O-O Rb8 20. b4 Be6 21. Nb6 f5 22.
Rfc1 axb4 23. cxb4 Bxa1 24. Rxa1 Rfd8 25. a4 Rd2 26. h3 Rb2 27. a5 Rb7 28. c6 Ra7 29. Rc1 Rc7 30. Na8 Rc8 31. Nb6 Re8 32. c7 Bc8 33.
Nxc8 Rxc8 34. Rc4 Kg7 35. a6 Kf6 36. a7 Ra2 37. Rc6+ Ke7 38. b5 Rxa7 39. b6 Rb7 40.
Rh6 Kd7 41. g3 hxg3 42. fxg3 Re8 43. Kf2 Re7 44. Kf3 Re8 45. Rxh7+ Kc8 46. Rh6 Kd7 47.
h4 Rc8 48. h5 Rg8 49. Kf4 Rf8 50. Rg6 Kc8 51. h6 Kd7 52. h7 Rh8 53. Rg7+ Kc6 54. Rg8 Rxc7 55. bxc7 Kxc7 56. Rxh8 1-0

[Event "Late-Titled-Tuesday-Blitz-March-12-2024"]
[Site "Chess.com"]
[Date "2024.03.12"]
[Round "9"]
[White "remi04"]
[Black "Rud_Makarian"]
[Result "0-1"]
[WhiteElo "2897"]
[BlackElo "3048"]
[TimeControl "180+1"]
[EndTime "15:43:24 PDT"]
[Termination "Rud_Makarian won on time"]

1. c4 e6 2. Nc3 d5 3. e3 Nf6 4. Nf3 a6 5. b3 dxc4 6. bxc4 b6 7. d4 Bb7 8. Be2 Be7 9. O-O O-O 10. Rb1 Nbd7 11.
a4 a5 12. Qc2 Bb4 13. Rd1 Qe7 14.
Nb5 Be4 15. Bd3 Bxf3 16. gxf3 c6 17. Nc3 e5 18. Ne4 Rac8 19. Ng3 g6 20. Bb2 exd4 21. exd4 Rfe8 22. Qc1 Nf8 23. Qh6 Ne6 24. d5 cxd5 25.
cxd5 Nxd5 26. Bxg6 fxg6 27. Rxd5 Qf8 28. Qh4 Rcd8 29.
Rbd1 Rxd5 30. Rxd5 Nf4 31. Rd1 Be7 32. Qg4 h5 33. Nxh5 Nxh5 34. Qxg6+ Ng7 35. Re1 Qf7 36.
Qg4 Bf8 37. Rxe8 Qxe8 38. Qc4+ Qe6 39. Qf4 Nf5 40. Qg4+ Kf7 41. Qf4 Bd6 42. Qg4 Qg6 43. Kf1 Ne7 44. h4 Qb1+ 45. Kg2 Qxb2 46. Qh5+ Ke6 47.
Qg4+ Kd5 48. Qe4+ Kc5 49. h5 Qe5 50. Qg4 Nf5 51. Kf1 Qa1+ 52. Kg2 Qe5 53. Kf1 b5 54. axb5 Kxb5 55. Qg8 a4 56. Kg2 a3 0-1

[Event "Late-Titled-Tuesday-Blitz-March-12-2024"]
[Site "Chess.com"]
[Date "2024.03.12"]
[Round "9"]
[White "CarlosAlbornoz"]
[Black "Angry_Twin"]
[Result "1-0"]
[WhiteElo "2836"]
[BlackElo "2968"]
[TimeControl "180+1"]
[EndTime "15:43:24 PDT"]
[Termination "CarlosAlbornoz won by checkmate"]

1. e4 c5 2. Nf3 d6 3. Bb5+ Nd7 4.
O-O a6 5. Bd3 Ngf6 6. c3 e6 7.
Bc2 b5 8. d4 Bb7 9. Qe2 Be7 10.
Re1 Qc7 11. Bg5 Rc8 12. Bd3 e5 13. d5 h6 14. Bd2 O-O 15. c4 b4 16. h3 Nh7 17. Be3 Qd8 18. Nbd2 Ng5 19. Nh2 Nf6 20. h4 Ngh7 21. g3 Nd7 22. Kg2 Re8 23. Qg4 Ndf6 24. Qf3 Rb8 25. Bc2 Bc8 26. Ba4 Rf8 27. Qe2 Qa5 28.
b3 Qd8 29. Kh1 Bd7 30. Bxd7 Nxd7 31. f4 f5 32. exf5 Rxf5 33. Qg4 Qf8 34. Rf1 h5 35.
Qh3 g6 36. fxe5 Nxe5 37. Rxf5 Qxf5 38. Qxf5 gxf5 39. Rf1 Rf8 40. Nhf3 Ng4 41. Bf4 Kf7 42. Kg2 Rd8 43. Re1 Rd7 44. Nf1 Bf6 45. Re6 Be7 46. Ne3 Nf8 47. Rxe7+ Rxe7 48. Nxf5 Re2+ 49. Kg1 Rxa2 50.
Bxd6 a5 51. Bxc5 a4 52. Ng5+ Kg6 53. Ne7+ Kf6 54. bxa4 b3 55. Nc6 b2 56. Bd4+ Kf5 57. Ne7# 1-0

[Event "Late-Titled-Tuesday-Blitz-March-12-2024"]
[Site "Chess.com"]
[Date "2024.03.12"]
[Round "9"]
[White "SaqoChess_Twitch"]
[Black "rasmussvane"]
[Result "0-1"]
[WhiteElo "2674"]
[BlackElo "2951"]
[TimeControl "180+1"]
[EndTime "15:43:24 PDT"]
[Termination "rasmussvane won by checkmate"]

1. d4 Nf6 2. c4 e6 3. Nc3 Bb4 4. e3 O-O 5. a3 Bxc3+ 6. bxc3 d6 7. Bd3 e5 8. Ne2 c5 9. O-O b6 10. Ng3 Nc6 11. d5 Na5 12. f4 exf4 13. exf4 Ba6 14.
f5 h6 15. Rf4 Re8 16. Bd2 Re5 17.
h3 Qe7 18. Kh2 Re8 19. Rb1 Nxd5 20. cxd5 Bxd3 21. f6 gxf6 22. Rg4+ Bg6 23. Bf4 Rg5 24. Bxg5 hxg5 25. Rb2 Qd8 26. Rf2 Re5 27. c4 f5 28.
Nxf5 Rxf5 29. Qf1 Rxf2 30. Qxf2 f5 31. Rg3 Nxc4 32. h4 g4 33. Qf4 Qxh4+ 34. Rh3 Qf6 35. Rh6 Kg7 36. Rxg6+ Kxg6 37. Qxc4 Qd4 38. Qa6 Qxd5 39.
Qc8 Qe5+ 40. Kg1 d5 41. a4 d4 42. a5 bxa5 43. Qa6+ Kg5 44. Qxa5 Qe3+ 45. Kh2 Qe5+ 46. g3 Qe2+ 47. Kh1 Qf3+ 48. Kh2 Qf2+ 49. Kh1 Qf1+ 50. Kh2 Qh3+ 51. Kg1 Qxg3+ 52. Kh1 Qf3+ 53. Kg1 Qe3+ 54.
Kf1 Kf4 55. Qc7+ Kf3 56. Qc6+ Qe4 57. Qb5 d3 58. Kg1 Qe1+ 59. Kh2 Qg3+ 60. Kh1 Qg2# 0-1

[Event "Late-Titled-Tuesday-Blitz-March-12-2024"]
[Site "Chess.com"]
[Date "2024.03.12"]
[Round "9"]
[White "Sinquefield"]
[Black "nindjaxx8"]
[Result "0-1"]
[WhiteElo "2516"]
[BlackElo "2680"]
[TimeControl "180+1"]
[EndTime "15:43:26 PDT"]
[Termination "nindjaxx8 won by resignation"]

1. d4 d5 2. Nf3 Nf6 3. c3 Bf5 4. Qb3 Qc8 5. h3 e6 6. Bf4 Bd6 7. Ne5 O-O 8. Nd2 Bg6 9. e3 Ne4 10. Nxe4 Bxe4 11. f3 Bg6 12. Nxg6 hxg6 13. Bxd6 cxd6 14.
Bd3 Nc6 15. O-O Qc7 16. Rac1 Qe7 17. Qd1 Rac8 18. Bb1 Rfd8 19. Qe1 Na5 20. b3 b6 21. e4 dxe4 22. fxe4 Rc7 23. e5 d5 24. Rf3 Rdc8 25.
Qd2 Qe8 26. Rcf1 Nc6 27. h4 b5 28. b4 Ne7 29. Rh3 Nf5 30. g4 Nh6 31. Rf4 Qd8 32. g5 Nf5 33. Rf2 Rc6 34. h5 Qc7 35. Rff3 a5 36.
a3 axb4 37. axb4 Ra8 38. Bc2 Ra2 39. Qd1 Rca6 40. Rh2 Ra1 41. Bb1 Qc4 42. h6 gxh6 43. gxh6 Kh7 44. Rf1 Qxc3 45. Qg4 Qe3+ 46. Kh1 R6a3 47.
Rg2 Rb3 48. Bd3 Qxd3 49. Rxa1 Rb1+ 50. Rxb1 Qxb1+ 51. Kh2 Qxb4 52. Qf4 Qxd4 53. Qxd4 Nxd4 54. Rd2 Nf3+ 55. Kg3 Nxd2 56. Kf4 Ne4 0-1

[Event "Late-Titled-Tuesday-Blitz-March-12-2024"]
[Site "Chess.com"]
[Date "2024.03.12"]
[Round "9"]
[White "Meri-Arabidze"]
[Black "DeArron_Fox"]
[Result "1-0"]
[WhiteElo "2694"]
[BlackElo "2530"]
[TimeControl "180+1"]
[EndTime "15:43:27 PDT"]
[Termination "Meri-Arabidze won by resignation"]

1. d4 d5 2. c4 e6 3. Nc3 Nf6 4.
cxd5 exd5 5. Bg5 Be7 6. e3 c6 7.
Bd3 Nbd7 8. Nge2 Nh5 9. Bxe7 Qxe7 10. Qc2 g6 11. O-O-O Nb6 12. h3 Be6 13. g4 Nf6 14. Kb1 O-O-O 15. Rc1 Kb8 16. Nf4 Rc8 17. Qb3 c5 18.
dxc5 Rxc5 19. Qb4 Rhc8 20. Qd4 Ne8 21. Rc2 Nd6 22. Rhc1 a6 23. Nce2 Nbc4 24. Bxc4 dxc4 25. Nc3 Nb5 26. Nxb5 axb5 27. a3 R5c6 28. Qe5+ Qd6 29. Qxb5 c3 30. Qd3 Qxd3 31. Nxd3 cxb2 32. Kxb2 Rb6+ 33.
Nb4 Rxc2+ 34. Rxc2 Rd6 35. Kc3 h5 36. gxh5 gxh5 37.
h4 Bf5 38. Rd2 Rg6 39. Rd4 Rg4 40. Rxg4 Bxg4 41. Kd4 Kc7 42. Kc5 b6+ 43. Kd5 Kd7 44. e4 Ke7 45. f4 Bf3 46. Nc6+ Kf6 47. Ne5 Bg2 48. Nd7+ Ke7 49. Nxb6 f5 50. Nc4 Bxe4+ 51. Ke5 Bd3 52. Ne3 Kd7 53. Nxf5 Kc6 54. Ng7 Kb5 55. f5 Ka4 56. Nxh5 Kxa3 57. Nf4 Bc4 58. Ne6 Bd3 59. f6 Bg6 60. Ng5 Kb4 61. f7 Bxf7 62.
Nxf7 1-0

[Event "Late-Titled-Tuesday-Blitz-March-12-2024"]
[Site "Chess.com"]
[Date "2024.03.12"]
[Round "9"]
[White "DavidGavrilescu18"]
[Black "Perecke"]
[Result "1-0"]
[WhiteElo "2774"]
[BlackElo "2619"]
[TimeControl "180+1"]
[EndTime "15:43:29 PDT"]
[Termination "DavidGavrilescu18 won by resignation"]

1. e4 c5 2. Nf3 e6 3. b3 Nc6 4. Bb2 d6 5. d4 cxd4 6. Nxd4 Nf6 7.
Nd2 e5 8. Nf5 Nxe4 9. Nxg7+ Bxg7 10. Nxe4 d5 11. Ng3 O-O 12. Nh5 Bh8 13. h4 e4 14. Bxh8 Kxh8 15. Qd2 Bg4 16. Be2 Bxe2 17. Kxe2 Qe7 18. Rad1 Rad8 19. Rh3 Qe5 20. Qg5 Rg8 21. Qxe5+ Nxe5 22. Kf1 Rd6 23. c3 Rg4 24. Rd4 Nc6 25.
Rd2 Ne5 26. Ng3 Nd3 27. Nf5 Rf6 28. Ne3 Rgf4 29. f3 Rd6 30. Ke2 Rff6 31. Rg3 Nf4+ 32. Kf1 Rfe6 33. Rd4 Nd3 34. Rxd5 Rxd5 35. Nxd5 exf3 36.
gxf3 Re1+ 37. Kg2 Ra1 38. f4 Rxa2+ 39. Kf3 Rd2 40. Nf6 Ne1+ 41. Ke3 Rd3+ 42. Kf2 Rxg3 43. Kxg3 Nd3 44. Nd7 b6 45. Kf3 Nc1 46. b4 Na2 47.
Ne5 Kg7 48. Nc6 a6 49. c4 Nc3 50. Ke3 Kf6 51. Kd3 Na2 52. c5 bxc5 53. bxc5 Ke6 54. Kd4 Nc1 55. Ne5 a5 56. Ke4 f6 57. f5+ Ke7 58. Nc6+ Kd7 59. Nxa5 Nb3 60. Nxb3 1-0

[Event "Late-Titled-Tuesday-Blitz-March-12-2024"]
[Site "Chess.com"]
[Date "2024.03.12"]
[Round "9"]
[White "GotCheeseCheckers"]
[Black "AlexTruskavetsky"]
[Result "1-0"]
[WhiteElo "2519"]
[BlackElo "2679"]
[TimeControl "180+1"]
[EndTime "15:43:29 PDT"]
[Termination "GotCheeseCheckers won on time"]

1. e4 c5 2. Nf3 Nc6 3. Bb5 g6 4.
O-O Nf6 5. e5 Nd5 6. c3 Bg7 7.
Re1 O-O 8. d4 cxd4 9. cxd4 d6 10.
exd6 Qxd6 11. Nc3 Bg4 12. Bxc6 Nxc3 13. bxc3 Qxc6 14. Bd2 e6 15. Ne5 Bxd1 16. Nxc6 Ba4 17. Ne5 Rac8 18. Rab1 b6 19. Rb4 Bc6 20. Nxc6 Rxc6 21.
a4 Rfc8 22. a5 bxa5 23. Ra4 Rb6 24. Rxa5 Rb2 25. Rd1 Rcb8 26. Kf1 R8b7 27. Ke2 Bh6 28. Kd3 Bf8 29. Rda1 Bd6 30. Rxa7 Rxa7 31. Rxa7 Bxh2 32. g3 h5 33. Ra1 h4 34. gxh4 Bd6 35. h5 gxh5 36.
Rh1 Rb5 37. c4 Rf5 38. c5 Bc7 39. Be3 Kf8 40. Ke4 Ke7 41. Rg1 Kd7 42. Rg7 Ke7 43. Rh7 Kd7 44. f3 Bg3 45. Rg7 Be1 46. d5 Bc3 47.
c6+ Kd6 48. Rh7 Re5+ 49. Kf4 Rxd5 50. Rxf7 Kxc6 51. Rh7 Kd6 52. Ke4 Bf6 53. Bf4+ Kc6 54.
Be3 Re5+ 55. Kd3 Rd5+ 56. Ke4 h4 57. Rh6 Rf5 58. Bf2 Kd6 59. f4 Be7 60. Bxh4 Bf8 61.
Rh7 1-0

[Event "Late-Titled-Tuesday-Blitz-March-12-2024"]
[Site "Chess.com"]
[Date "2024.03.12"]
[Round "9"]
[White "Adar_07"]
[Black "Hrant_ChessMood"]
[Result "1/2-1/2"]
[WhiteElo "2830"]
[BlackElo "2969"]
[TimeControl "180+1"]
[EndTime "15:43:30 PDT"]
[Termination "Game drawn - insufficient material"]

1. e4 c6 2. d4 d5 3. Nc3 dxe4 4. Nxe4 Nf6 5. Nxf6+ exf6 6. Bc4 Bd6 7. Qe2+ Qe7 8.
Qxe7+ Kxe7 9. Ne2 Be6 10. Bxe6 fxe6 11. Bf4 a5 12. Bxd6+ Kxd6 13. O-O-O Na6 14. Rhe1 a4 15. Nf4 Nc7 16. a3 Ra5 17. Nd3 b6 18. c4 Rh5 19. h3 Ra8 20. Kb1 b5 21. cxb5 Rxb5 22. Rc1 Rab8 23. Rc4 Rb3 24. Nb4 R8xb4 25. Rxb4 Rxb4 26.
axb4 Nb5 27. Ka2 Nxd4 28. Rd1 e5 29. Ka3 g5 30. Kxa4 h5 31. Ka5 f5 32. Kb6 f4 33.
f3 Kd5 34. b3 Kd6 35. Rd2 Ke6 36.
Rd1 Kd5 37. Kc7 e4 38. fxe4+ Kxe4 39. Rxd4+ Kxd4 40. Kxc6 g4 41. hxg4 hxg4 42. b5 f3 43. gxf3 gxf3 44. b6 f2 45. b7 f1=Q 46. b8=Q Qf3+ 47.
Kd7 Qf7+ 48. Kc6 Qd5+ 49. Kb6 Qxb3+ 50. Kc7 Qf7+ 51. Kc8 Kc5 52. Qc7+ Qxc7+ 53. Kxc7 1/2-1/2

[Event "Late-Titled-Tuesday-Blitz-March-12-2024"]
[Site "Chess.com"]
[Date "2024.03.12"]
[Round "9"]
[White "Mikasinski"]
[Black "WilsonPalencia21"]
[Result "0-1"]
[WhiteElo "2649"]
[BlackElo "2568"]
[TimeControl "180+1"]
[EndTime "15:43:31 PDT"]
[Termination "WilsonPalencia21 won by checkmate"]

1. e4 c5 2. Nf3 d6 3. d4 cxd4 4.
Nxd4 Nf6 5. Nc3 g6 6. Be3 Bg7 7. f3 Nc6 8. Qd2 O-O 9. O-O-O Nxd4 10. Bxd4 Be6 11. Kb1 Qc7 12. h4 Rfc8 13. h5 Qa5 14. hxg6 fxg6 15. a3 Bf7 16. Bxf6 Bxf6 17. Nd5 Qxd2 18.
Nxf6+ exf6 19. Rxd2 Rc6 20. Be2 Rd8 21. Rhd1 Kf8 22. Rd4 h5 23. f4 Ke7 24. Bf3 Rc4 25.
Rxc4 Bxc4 26. b3 Be6 27. Kb2 b6 28. c4 Rh8 29. Rh1 Bf7 30. g4 h4 31. Kc3 g5 32. f5 a5 33. Rh3 Rc8 34. Kd4 Rc5 35. Be2 Rc8 36. Bf1 Be8 37. Rc3 Ra8 38. Bg2 Ra7 39. Bh3 Bd7 40. Rc1 Rc7 41. Rc3 Ra7 42.
Kd3 Bc6 43. Bg2 Kd7 44. Kd4 Kc7 45. Ke3 Ra8 46. Rd3 Re8 47. Kd4 Kd7 48. Bh1 Rc8 49. Re3 b5 50. Rc3 b4 51. Rc1 Rb8 52. axb4 Rxb4 53.
Kc3 Rb8 54. Ra1 Re8 55. Rxa5 Bxe4 56. Ra7+ Kc6 57. Ra8 Re5 58. Bxe4+ Rxe4 59. Ra6+ Kc7 60. Ra7+ Kb6 61. Rf7 Rxg4 62. Rxf6 Kc7 63. Rg6 h3 64. f6 h2 65. f7 h1=Q 66. f8=Q Qe1+ 67. Kd3 Rg3+ 68. Kd4 Qe5# 0-1

[Event "Late-Titled-Tuesday-Blitz-March-12-2024"]
[Site "Chess.com"]
[Date "2024.03.12"]
[Round "9"]
[White "Zohid6"]
[Black "Bryanl106"]
[Result "1/2-1/2"]
[WhiteElo "2890"]
[BlackElo "2683"]
[TimeControl "180+1"]
[EndTime "15:43:35 PDT"]
[Termination "Game drawn by repetition"]

1. e4 e5 2. Nf3 Nc6 3. Bb5 a6 4. Ba4 Nf6 5. O-O Be7 6. Re1 b5 7. Bb3 d6 8. c3 O-O 9. h3 a5 10. d4 Bd7 11. a3 a4 12. Ba2 Re8 13. Ng5 Rf8 14. Nf3 Re8 15. Nbd2 h6 16. Nf1 Bf8 17. Ng3 Na5 18. Qe2 Qb8 19. dxe5 dxe5 20. Nh4 Be6 21. Bxe6 Rxe6 22. Nhf5 Qb7 23. Bd2 Nc4 24. Rad1 Nxb2 25. Rb1 Bxa3 26. Bc1 b4 27. cxb4 Bxb4 28. Bxb2 Bxe1 29.
Qxe1 Rb6 30. Qe3 Rxb2 31. Nxh6+ Kf8 32. Qa3+ Qb4 33. Qxb2 Qxb2 34. Rxb2 a3 35. Ra2 gxh6 36. f3 Nd7 37. Nf1 Nb6 38. Ne3 Ke7 39. Kf2 Ke6 40.
Ke2 Ra5 41. Nc2 Nc4 42. Kd3 Ra4 43. Kc3 f5 44. Kb3 Nb6 45. Rxa3 Rxa3+ 46. Nxa3 fxe4 47. fxe4 Kf6 48. Nc4 Nd7 49. Nd2 Kg5 50. g3 h5 51.
Kc4 c6 52. Kd3 Kf6 53. Nc4 Ke6 54. Ke3 Nf6 55. Kf3 Nh7 56. Ke3 Ng5 57. h4 Nh7 58. Kd3 Nf6 59. Ne3 Kd7 60. Nf5 Ke6 61. Ne3 Kd7 62. Nc4 Ke6 63. Nd2 Kd7 64. Kc3 Ke6 65. Kb4 Kd6 66. Kc4 Ke6 67. Kc5 Kd7 68. Kc4 Kd6 69. Kd3 Ke6 70. Nc4 Ng4 71. Na5 Kd6 72. Nb7+ Kd7 73. Na5 Nf2+ 74. Ke3 Ng4+ 75. Kd3 Nf2+ 76. Ke3 Ng4+ 77. Ke2 Nf6 78. Kd3 Kd6 79. Nc4+ Ke6 1/2-1/2

[Event "Late-Titled-Tuesday-Blitz-March-12-2024"]
[Site "Chess.com"]
[Date "2024.03.12"]
[Round "9"]
[White "Rinqed222"]
[Black "ShahMatKanal"]
[Result "1-0"]
[WhiteElo "2383"]
[BlackElo "2485"]
[TimeControl "180+1"]
[EndTime "15:43:38 PDT"]
[Termination "Rinqed222 won on time"]

1. e4 b6 2. d4 e6 3. c3 Bb7 4. Bd3 Nf6 5. Qe2 c5 6. d5 Be7 7. c4 d6 8. Nc3 Nbd7 9. Nf3 e5 10. O-O O-O 11. Nd1 a6 12. a4 b5 13. cxb5 axb5 14.
Bxb5 Qb6 15. Bg5 Ba6 16. Nc3 Rfb8 17. Nd2 h6 18. Bxf6 Nxf6 19. Nc4 Qb7 20. Bc6 Qb4 21. Nb5 Bxb5 22. axb5 Rxa1 23. Rxa1 g5 24. g3 Kg7 25. Ra7 Bf8 26. f3 h5 27. Ne3 Kg6 28. Kf2 Qd4 29.
b3 g4 30. Ra4 gxf3 31. Qxf3 Qd2+ 32. Qe2 Qxe2+ 33. Kxe2 Be7 34. Nf5 Bf8 35. Kf3 Rb6 36. Ra6 Rb8 37. b6 Ne8 38. Bxe8 Rxe8 39. b7 Rb8 40.
Nxd6 Kh7 41. Nxf7 Rxb7 42. Nxe5 Rxb3+ 43. Kg2 Rb2+ 44. Kh3 Bg7 45. Nf3 c4 46. Ng5+ Kg8 47. Ra8+ Bf8 48. Ne6 Rf2 49. d6 c3 50. d7 c2 51. d8=Q c1=Q 52. Nxf8 Qf1+ 53. Kh4 Rf4+ 54. gxf4 Qxf4+ 55. Kxh5 Qxh2+ 56. Kg5 Qe5+ 57. Kg6 Qxe4+ 58. Kf6 Qh4+ 59. Ke6 Qe4+ 60. Kd6 Qd4+ 61. Ke7 Qg7+ 62. Ke6 Qg4+ 63. Ke5 Qe2+ 64. Kd6 Qd3+ 65. Ke7 1-0

[Event "Late-Titled-Tuesday-Blitz-March-12-2024"]
[Site "Chess.com"]
[Date "2024.03.12"]
[Round "9"]
[White "Zq1"]
[Black "Practical-Play"]
[Result "1/2-1/2"]
[WhiteElo "2617"]
[BlackElo "2479"]
[TimeControl "180+1"]
[EndTime "15:43:39 PDT"]
[Termination "Game drawn by repetition"]

1. d4 e6 2. c4 Bb4+ 3. Nd2 c5 4. a3 Bxd2+ 5. Qxd2 cxd4 6. Nf3 Nf6 7. g3 d5 8.
cxd5 Qxd5 9. Qxd4 Qxd4 10. Nxd4 Bd7 11. Bg2 Nc6 12. Nxc6 Bxc6 13. Bxc6+ bxc6 14. Be3 O-O 15. O-O a5 16. Rfc1 Rab8 17. Rc2 e5 18. Rac1 Rb3 19. Bd2 a4 20. Bc3 Re8 21. f3 e4 22. Bxf6 gxf6 23.
f4 Reb8 24. Rc4 f5 25. Rxa4 Rxb2 26. Kf2 Ra2 27. Rac4 Rbb2 28. Re1 Rxa3 29. Rc5 Rf3+ 30. Kg1 Re3 31. Kf1 Rb5 32. Rxb5 cxb5 33. Rb1 Kg7 34. Rxb5 Kg6 35. Rb6+ Kg7 36. Kf2 Rc3 37. h4 h5 38. Rd6 Kh7 39. Rf6 Rc5 40. Rxf7+ Kg6 41. Ra7 Rc3 42. Ra6+ Kg7 43. Rd6 Rb3 44. Rc6 Ra3 45.
Rc2 Kg6 46. Rc8 Kg7 47. Rd8 Rb3 48. Rd6 Ra3 49. Rd1 Rb3 50. Kg2 Ra3 51. Rd2 Rb3 52. Rc2 Ra3 53. Kh3 Rb3 54. Kg2 Ra3 55. Kf2 Rb3 56.
e3 Ra3 57. Ke2 Rb3 58. Kd2 Ra3 59. Rc6 Rd3+ 60. Ke2 Ra3 61. Rd6 Ra2+ 62. Rd2 Ra3 63.
Rc2 Rb3 64. Ra2 Rc3 65. Ra5 Kg6 66. Rd5 Rb3 67. Kd2 Ra3 68. Rc5 Rb3 69. Rc3 Rb2+ 70. Rc2 Rb3 71. Rc3 Rb2+ 72. Rc2 Rb3 73. Rc3 1/2-1/2

[Event "Late-Titled-Tuesday-Blitz-March-12-2024"]
[Site "Chess.com"]
[Date "2024.03.12"]
[Round "9"]
[White "JSPrepz"]
[Black "Fh2411"]
[Result "0-1"]
[WhiteElo "2823"]
[BlackElo "2672"]
[TimeControl "180+1"]
[EndTime "15:43:43 PDT"]
[Termination "Fh2411 won by resignation"]

1. e4 c6 2. d4 d5 3. Nd2 dxe4 4. Nxe4 Nf6 5. Nxf6+ exf6 6. c3 Qe7+ 7. Be2 Qc7 8. Nf3 Bd6 9. O-O O-O 10. Be3 Re8 11.
c4 Nd7 12. c5 Be7 13. Qd2 Nf8 14. Bf4 Qd8 15. Rfe1 Be6 16. b4 Qd7 17. a4 Rad8 18. b5 g5 19. Be3 h6 20. Qc3 Ng6 21. Qa5 Ra8 22. Rab1 Bd5 23. Nd2 f5 24. f3 f4 25. Bf2 f5 26. Bd3 Bf6 27. bxc6 bxc6 28. Qa6 Rxe1+ 29. Rxe1 Rb8 30. Nc4 Ne7 31. Nd6 g4 32.
Be2 h5 33. Qd3 h4 34. Rb1 Rf8 35. Be1 g3 36. h3 Qe6 37. Bd2 Bg5 38. Bf1 Qf6 39.
a5 Bh6 40. a6 Bg7 41. Bc3 Nc8 42. Nxc8 Rxc8 43. Rb7 Ra8 44. Qe2 Qe6 45. Qxe6+ Bxe6 46.
Rc7 Bd5 47. Bd3 Rb8 48. Rb7 Re8 49. Bxf5 Re3 50. Bd2 Ra3 51. Kf1 Bc4+ 52. Ke1 Bxd4 53. Bxf4 Ra1+ 54. Rb1 Bc3+ 55. Kd1 Rxa6 56. Rc1 Ra1 57. Rxa1 Bxa1 58. Bb8 Bf1 59. Bxa7 Bxg2 60. Bg4 Bf1 61. Ke1 g2 62. Kf2 Bd4+ 63. Ke1 g1=Q 0-1

[Event "Late-Titled-Tuesday-Blitz-March-12-2024"]
[Site "Chess.com"]
[Date "2024.03.12"]
[Round "9"]
[White "falzehope0"]
[Black "finec2"]
[Result "1-0"]
[WhiteElo "2411"]
[BlackElo "2204"]
[TimeControl "180+1"]
[EndTime "15:43:43 PDT"]
[Termination "falzehope0 won by resignation"]

1. d4 Nf6 2. e3 b6 3. f4 Bb7 4.
Nf3 g6 5. Bd3 Bg7 6. O-O O-O 7.
f5 Ne4 8. fxg6 hxg6 9. Bxe4 Bxe4 10. Ng5 Bb7 11. Qg4 f6 12. Nh3 Qe8 13. e4 Nc6 14. c3 e5 15. d5 Ne7 16. c4 d6 17. Qh4 Bc8 18. Nc3 Bxh3 19. Qxh3 Qc8 20. Qh4 a6 21.
Bh6 Qe8 22. Rf2 Bxh6 23. Qxh6 Qf7 24. Raf1 Qg7 25. Qh4 f5 26. g3 Rf7 27. Qg5 Raf8 28. Kg2 Qf6 29. Qd2 Qg7 30. Qc2 Qh6 31. Qa4 a5 32. Qd7 f4 33. Qe6 Kg7 34. gxf4 exf4 35.
e5 dxe5 36. Qxe5+ Kh7 37. Ne4 Nf5 38. Kh1 g5 39. Rg1 Rg8 40. Rf3 Nh4 41. Rh3 g4 42. Rd3 Nf3 43. Rxf3 gxf3 44. Ng5+ Rxg5 45. Qxg5 Qxg5 46.
Rxg5 Rg7 47. Rxg7+ Kxg7 48. Kg1 Kf6 49. Kf2 Kf5 50. Kxf3 Ke5 51. h4 Kf5 52. h5 Kg5 53. h6 Kxh6 54. Kxf4 Kg6 55. Ke5 Kf7 56. b3 Ke7 57. a3 Kd7 58. b4 axb4 59. axb4 Ke7 60. c5 bxc5 61. bxc5 Kd7 62. Kf6 Kd8 63. Ke6 Ke8 64. d6 cxd6 65. cxd6 1-0

[Event "Late-Titled-Tuesday-Blitz-March-12-2024"]
[Site "Chess.com"]
[Date "2024.03.12"]
[Round "9"]
[White "ATM622"]
[Black "Sajkochess"]
[Result "0-1"]
[WhiteElo "2475"]
[BlackElo "2359"]
[TimeControl "180+1"]
[EndTime "15:43:45 PDT"]
[Termination "Sajkochess won by resignation"]

1. d4 Nf6 2. c4 e6 3. g3 Bb4+ 4. Nd2 O-O 5. Bg2 d5 6. Qc2 Nc6 7. Nf3 dxc4 8. Qxc4 Qd5 9. Qxd5 exd5 10. O-O Bd6 11.
a3 Bf5 12. b4 Rfe8 13. e3 Bd3 14. Re1 a5 15. bxa5 Nxa5 16. Bb2 Ne4 17. Rac1 b5 18. Bf1 Bxf1 19. Kxf1 Nc4 20. Nxc4 bxc4 21. Ra1 Reb8 22.
Reb1 Rb3 23. Bc1 Rxb1 24. Rxb1 Kf8 25. Ra1 Ra4 26. Ke2 Nc3+ 27. Kd2 Nb5 28. Kc2 Bxa3 29.
Bd2 Ra7 30. Ne5 Bd6 31. Rxa7 Nxa7 32. Ba5 Bxe5 33. dxe5 c6 34. Kc3 Nb5+ 35. Kb4 Ke7 36. Kc5 Kd7 37. f4 c3 38. f5 c2 39. Bd2 Nc3 40. Kb4 Na2+ 41. Kb3 c1=Q 42. Bxc1 Nxc1+ 43. Kc2 Ne2 44. Kd3 Ng1 45. e4 dxe4+ 46. Kxe4 Ne2 47. Ke3 Nc3 48. Kd4 Nd5 49. g4 Ke7 50. Kc5 Ne3 51. h3 h5 52. Kxc6 hxg4 53. hxg4 Nxg4 54. Kd5 Ne3+ 55.
Ke4 Nc4 56. Kd4 Nb6 57. Kc5 Nd7+ 58. Kd5 g6 59. fxg6 fxg6 60. e6 Nf8 61. Ke5 Nxe6 62. Ke4 Kf6 63. Kf3 Kf5 64. Kg3 g5 65. Kf3 g4+ 66.
Kg3 Kg5 67. Kg2 Kf4 68. Kf2 g3+ 69. Kg1 Kf3 70. Kf1 g2+ 71. Kg1 Nc5 72. Kh2 Kf2 0-1

[Event "Late-Titled-Tuesday-Blitz-March-12-2024"]
[Site "Chess.com"]
[Date "2024.03.12"]
[Round "9"]
[White "Felix-Rose"]
[Black "ChessSwole"]
[Result "1-0"]
[WhiteElo "2311"]
[BlackElo "2657"]
[TimeControl "180+1"]
[EndTime "15:43:45 PDT"]
[Termination "Felix-Rose won by checkmate"]

1. e4 c6 2. d4 d5 3. e5 Bf5 4. h4 h5 5. Bd3 Bxd3 6. Qxd3 Qa5+ 7.
Bd2 Qa6 8. e6 Qxd3 9. exf7+ Kxf7 10. cxd3 Nd7 11. Nf3 e6 12. O-O Be7 13. Re1 Re8 14. Bg5 Ngf6 15. Nc3 Bd6 16. Bd2 Nh7 17. Ne5+ Bxe5 18. dxe5 c5 19. Nb5 Ke7 20. Nxa7 Rhf8 21. Nb5 Ra8 22. d4 b6 23. a4 Rfc8 24. Re3 cxd4 25.
Nxd4 Rc4 26. Bc3 Raxa4 27. Rxa4 Rxa4 28. Rg3 Kf7 29. Rf3+ Ke7 30. Nc6+ Ke8 31. Rg3 Rc4 32. Rxg7 Rxc6 33. Rxh7 Rc4 34. Rxh5 d4 35. Bd2 Rc2 36.
Rh8+ Nf8 37. Bb4 d3 38. Rxf8+ Kd7 39. Rf7+ Kc6 40. Bc3 Rxb2 41. Rf8 Rc2 42. Bb4 Kb5 43. Rf4 d2 44. Bxd2 Rxd2 45. h5 Rd5 46. Re4 Kc5 47.
h6 Rd7 48. Rh4 Rh7 49. g4 b5 50. g5 b4 51. g6 Rd7 52. h7 b3 53. h8=Q b2 54.
Qc8+ Rc7 55. Qxc7+ Kd5 56. Rb4 b1=Q+ 57. Rxb1 Ke4 58.
Re1+ Kd5 59. Qd6+ Kc4 60. Rc1+ Kb3 61. Qb8+ Ka2 62. Qb1+ Ka3 63. Rc3+ Ka4 64. Qb3+ Ka5 65. Rc5+ Ka6 66. Qb5+ Ka7 67. Rc7+ Ka8 68. Qb7# 1-0